 Dungeon Crawl Stone Soup version 0.27.1-4-g1640c2035a (webtiles) character file.

Game seed: 13940436592469261402

22 MisterFreud the Skirmisher (level 2, -1/28 HPs)
             Began as a Minotaur Abyssal Knight on Nov 17, 2021.
             Was a Follower of Lugonu.
             Killed by nerve-wracking pain
             ... invoked by Jessica
              (2 damage)
             ... on level 2 of the Dungeon.
             The game lasted 00:01:05 (613 turns).

MisterFreud the Skirmisher (Minotaur Abyssal Knight) Turns: 613, Time: 00:01:05

Health: -1/28      AC:  3    Str: 16    XL:     2   Next: 68%
Magic:  2/2        EV: 11    Int:  9    God:    Lugonu [*.....]
Gold:   28         SH:  0    Dex:  9    Spells: 1/1 levels left

rFire    . . .     SeeInvis .   a - +1 falchion
rCold    . . .     Faith    .   (no shield)
rNeg     . . .     Spirit   .   b - +0 leather armour
rPois    .         Reflect  .   (helmet restricted)
rElec    .         Harm     .   (no cloak)
rCorr    .         Rampage  .   (no gloves)
Will     .....                  (no boots)
Stlth    +.........             (no amulet)
HPRegen  0.09/turn              (no ring)
MPRegen  0.08/turn              (no ring)

@: flying
A: horns 2, retaliatory headbutt
a: Renounce Religion, Depart the Abyss


You were on level 2 of the Dungeon.
You worshipped Lugonu.
Lugonu was aware of your devotion.
You visited 1 branch of the dungeon, and saw 2 of its levels.
You visited the Abyss 1 time.

You collected 28 gold pieces.

Inventory:

Hand Weapons
 a - a +1 falchion (weapon)
Armour
 b - a +0 leather armour (worn)
Scrolls
 d - 3 scrolls of noise {unknown}
Potions
 c - a potion of flight


   Skills:
 + Level 4.9 Fighting
 - Level 2.4 Long Blades
 - Level 2.4 Armour
 - Level 1.1 Dodging
 - Level 1.7 Invocations


You had one spell level left.
You didn't know any spells.
Your spell library was empty.

Dungeon Overview and Level Annotations

Branches:
Dungeon (2/15)

Altars:

Annotations:
D:2 Jessica


Innate Abilities, Weirdness & Mutations

You have a pair of horns on your head.
You reflexively headbutt those who attack you in melee.


Message History

Jessica is moderately wounded.
You feel very sick. The bat hits you but does no damage.
Jessica hits you with a +1 dagger of venom.
You are more poisoned.
Jessica mumbles some strange words.
Jessica blinks!
You feel sick.
Unknown command.
You feel very sick. The bat hits you but does no damage.
Unknown command.
You feel sick. The bat closely misses you.
You riposte.
You barely miss the bat. Your headbutt misses the bat.
You feel sick. The bat hits you but does no damage.
You feel sick. The bat barely misses you. You furiously retaliate!
You headbutt the bat, but do no damage.
You riposte.
You barely miss the bat.
You feel sick. The bat hits you but does no damage.
Jessica casts a spell at you. Pain shoots through your body!
* * * LOW HITPOINT WARNING * * *
There is an open door here.
* * * LOW HITPOINT WARNING * * *
You feel sick.
It was a potion of flight.
You feel very buoyant.
You fly up into the air.
* * * LOW HITPOINT WARNING * * *
You feel sick. The bat closely misses you.
* * * LOW HITPOINT WARNING * * *
You feel sick.
You are no longer poisoned.
The bat closely misses you. You furiously retaliate!
You headbutt the bat. The bat hits you but does no damage.
The bat closely misses you.
You riposte.
You hit the bat.
You kill the bat!
Lugonu accepts your kill. Jessica casts a spell at you.
Pain shoots through your body!
You die...

#.# #.# #.# ##+## #†#
##...## #.#### ##.....##
#.##.## ##.......#..
######.#...####..........#
............†.@'...........
#######.#.@.####.........##
#>....# ##.......## #####.#
##.....## #####.### ##...##
## ####.......# ##+##
##..#.##.###.#.#
##......#.# #.#.#
#.........# #.#†####.#.
#.#...####.# #..........


You could see Jessica.

Vanquished Creatures
  An adder (D:2)
  2 ball pythons
  An endoplasm (D:1)
  4 jackals (D:1)
  3 bats
11 creatures vanquished.

Vanquished Creatures (others)
  A plant (D:1)
1 creature vanquished.

Grand Total: 12 creatures vanquished

Notes
Turn   | Place    | Note
-------+----------+-------------------------------------------
     0 | Abyss:1  | MisterFreud the Minotaur Abyssal Knight began the quest for
                  | the Orb.
     0 | Abyss:1  | Reached XP level 1. HP: 19/19 MP: 1/1
    44 | D:1      | Escaped the Abyss
    72 | D:1      | Reached skill level 4 in Fighting
    85 | D:1      | Reached XP level 2. HP: 5/28 MP: 2/2
   596 | D:2      | Noticed Jessica
   610 | D:2      | HP: 1/28 [poisoned by Jessica]
   613 | D:2      | Killed from afar by Jessica

Illustrated notes

Levels and vault maps discovered:
D:1:      ncdulo_watergridlock, layout_rooms,
          shapermc_ecumenical_altar_mp_ritualfount, minmay_tree_intersection,
          moated_statue
D:2:      layout_loops_corners, minmay_misc_feat_room, minmay_octomino_e4,
          uniq_jessica, uniq_crazy_yiuf_cottage, uniq_sigmund

Skill      XL: |  1 |
---------------+----+-----
Fighting       | 4 |  4.9
Long Blades    | |  2.4
Armour         | |  2.4
Dodging        | |  1.1
Invocations    | |  1.7

Action                   || total
-------------------------++-------
Melee: Falchion          ||    27
       Headbutt          ||     2
  Use: Potion            ||     1
Armor: Leather armour    ||    18
Dodge: Dodged            ||    29
       Rpst.: Falchion   ||     7
